cohdb
Replays
Latest Replays
All Replays
Popular Replays
Top Player Replays
Match Explorer
How It Works
Community
CoH3 Stats
Reddit
Sign in to upload your games and track your stats! →
Sign in with Steam
Match 41219495
Unlisted
Match 41219495
Overview
Messages
Build Orders
End
Kettenkrad Recon Vehicle
Construct Infanterie Kompanie
Selects Terror Battlegroup
Grenadier Squad
MG 42 Machine Gun Team
Selects Machine Gun Camouflage
Grenadier Squad
Grenadier Squad
Construct Panzergrenadier Kompanie
251 Medium Carrier
Infanterie Officer Quarters
Pak 40 Anti-tank Gun Team
Selects No Quarter
Support Elements
StuG III G Assault Gun
Panzergrenadier Officer Quarters
Nebelwerfer 42 Rocket Launcher Team
Side Skirts
MG 42 Machine Gun Team
Pak 40 Anti-tank Gun Team
Selects King Tiger Heavy Tank
King Tiger Heavy Tank
StuG III G Assault Gun
Medical Bunker
KevinTDW
Strider_perc
0
0
Comments
sign in to comment!
No comments posted yet!